 Dungeon Crawl Stone Soup version 0.31.0-9-g3a7656b989 (webtiles) character file.

Game seed: 4277646078807296010

1481285 seandewar5 the Slayer (level 26, 292/292 HPs)
             Began as an Armataur Ice Elementalist on Feb 4, 2024.
             Was an Elder of Ashenzari.
             Escaped with the Orb
             ... and 3 runes!
             The game lasted 03:24:54 (88959 turns).

seandewar5 the Slayer (Armataur Ice Elementalist)  Turns: 88959, Time: 03:24:55

Health: 292/292    AC: 53    Str: 22    XL:     26   Next: 15%
Magic:  32/32      EV:  7    Int: 21    God:    Ashenzari [****..]
Gold:   3405       SH: 29    Dex: 16    Spells: 30/38 levels left

rFire   + . .        a - +9 eveningstar "Circumscribed With Me" {speed, Int+6, Range, Self} (curse)
rCold   + . .        z - +2 tower shield
rNeg    + . .        l - +4 gold dragon scales
rPois   +            G - +2 helmet "Unveiling Regret" {SInv, Cun, Self} (curse)
rElec   +            h - +2 cloak "Gaze Upon Infinity" {Fort, Cun} (curse)
rCorr   +            K - +2 pair of gloves "Shackled Together" {infuse, Self, Cun} (curse)
SInv    +            u - +4 barding of the Cursed Sage {Fort, Cun} (curse)
Will    +....        e - amulet of the Gnostic Omen {Reflect SH+5, Comp, Melee} (curse) Stlth
                     H - ring of Ashenzari's Urgency {rElec rN+ Int-2 Dex+7 SInv, Self, Melee} (curse)
HPRegen 0.68/turn    y - ring of resist corrosion
MPRegen 0.23/turn

%: reflection, clarity, roll, infuse magic (1 MP)
@: no status effects
A: large, deformed body, tough skin 3, armoured tail, roll 2, hooves 1, clumsy
1, robust 1, screaming 1, weak 1, persistent drain
0: Orb of Zot
}: 3/15 runes: barnacled, silver, gossamer
a: Renounce Religion, Curse Item, Shatter the Chains


You escaped.
You worshipped Ashenzari.
Ashenzari was greatly pleased with you.
You visited 8 branches of the dungeon, and saw 44 of its levels.
You visited 1 bazaar.
You also visited: Bailey.

You collected 6228 gold pieces.
You spent 2823 gold pieces at shops.

Inventory:

Hand Weapons
 a - the cursed +9 eveningstar "Circumscribed With Me" (weapon) {speed, Int+6, Range, Self}
   (You acquired it on level 2 of the Lair of Beasts)

   Int+6:     It affects your intelligence (+6).
   It has a curse which improves the following skills: Ranged Combat: Ranged
   Weapons and Throwing.
   Introspection: Fighting and Spellcasting.
Missiles
 J - 13 javelins (quivered)
 M - 9 throwing nets {!f =f}
 X - 4 curare-tipped darts
Armour
 h - the cursed +2 cloak "Gaze Upon Infinity" (worn) {Fort, Cun}
   (You took it off Maurice on level 7 of the Dungeon)

   It has a curse which improves the following skills: Fortitude: Armour and
   Shields.
   Cunning:   Dodging and Stealth.
 l - +4 gold dragon scales (worn)
 u - the cursed +4 barding of the Cursed Sage (worn) {Fort, Cun}
   (You found it on level 2 of the Dungeon)

   It has a curse which improves the following skills: Fortitude: Armour and
   Shields.
   Cunning:   Dodging and Stealth.
 z - a +2 tower shield (worn)
 G - the cursed +2 helmet "Unveiling Regret" (worn) {SInv, Cun, Self}
   (You bought it in a shop on level 12 of the Dungeon)

   It has a curse which improves the following skills: Cunning: Dodging and
   Stealth.
   Introspection: Fighting and Spellcasting.
 K - the cursed +2 pair of gloves "Shackled Together" (worn) {infuse, Self, Cun}
   (You bought it in a shop in a bazaar)

   It has a curse which improves the following skills: Introspection: Fighting
   and Spellcasting.
   Cunning:   Dodging and Stealth.
Jewellery
 b - a ring of willpower
 c - a ring of protection from fire
 e - the cursed amulet of the Gnostic Omen (around neck) {Reflect SH+5, Comp, Melee}
   (You found it on level 5 of the Dungeon)

   [amulet of reflection]

   Reflect:   It reflects blocked missile attacks.
   SH+5:      It affects your SH (+5).
   It has a curse which improves the following skills: Companions: Summonings
   and Necromancy.
   Melee Combat: Short Blades, Long Blades, Axes, Maces & Flails, Polearms,
   Staves and Unarmed Combat.
 i - the ring of the Gastropod {rF+ Int+6}
   (You found it on level 5 of the Vaults)

   [ring of protection from fire]

   Int+6:     It affects your intelligence (+6).
   rF+:       It protects you from fire.
 k - a +5 ring of evasion
 p - a +6 ring of strength
 y - a ring of resist corrosion (right hand)
 F - a ring of protection from cold
 H - the cursed ring of Ashenzari's Urgency (left hand) {rElec rN+ Int-2 Dex+7 SInv, Self, Melee}
   (You acquired it on level 5 of the Vaults)

   [ring of positive energy]

   Int-2:     It affects your intelligence (-2).
   Dex+7:     It affects your dexterity (+7).
   rElec:     It insulates you from electricity.
   rN+:       It protects you from negative energy.
   SInv:      It lets you see invisible.
   It has a curse which improves the following skills: Introspection: Fighting
   and Spellcasting.
   Melee Combat: Short Blades, Long Blades, Axes, Maces & Flails, Polearms,
   Staves and Unarmed Combat.
Wands
 d - a wand of light (34)
 f - a wand of polymorph (34)
 s - a wand of mindburst (18)
 A - a wand of iceblast (30)
 R - a wand of digging (11)
 U - a wand of charming (33)
Scrolls
 g - 5 scrolls of fog
 j - 7 scrolls of blinking
 t - 6 scrolls of vulnerability
 x - a scroll of enchant weapon
 B - 2 scrolls of butterflies
 C - a scroll of fear
 I - 6 scrolls of teleportation {!r}
 T - 5 scrolls of silence {!r}
 V - 6 scrolls of immolation
 Y - a scroll of torment
 Z - 8 scrolls of poison {!r}
Potions
 n - 10 potions of ambrosia {!q}
 o - 2 potions of resistance
 q - 11 potions of heal wounds
 r - 8 potions of mutation
 w - 4 potions of magic
 E - 22 potions of curing
 L - a potion of berserk rage {!q}
 N - 6 potions of invisibility
 O - 4 potions of cancellation {!q}
 P - 8 potions of lignification
 W - 6 potions of attraction
Miscellaneous
 m - a phial of floods


   Skills:
 * Level 26.9(27) Fighting
 - Level 17.3(19.8) Maces & Flails
 - Level 10.1(12.0) Throwing
 - Level 25.6(27) Armour
 - Level 9.6(14.0) Dodging
 - Level 5.0(9.1) Stealth
 - Level 17.4(20.0) Shields
 - Level 3.0(6.5) Spellcasting
 - Level 3.9 Translocations
 - Level 3.6 Ice Magic
 - Level 10.0 Evocations


You had 30 spell levels left.
You knew the following spells:

 Your Spells              Type           Power      Damage    Failure   Level
a - Freeze                Ice            88%        1d9       32%         1
B - Blink                 Tloc           46%        N/A       41%         2
G - Passage of Golubria   Tloc           23%        N/A       96%         4
Z - Apportation           Tloc           46%        N/A       28%         1

Your spell library contained the following spells:

 Spells                   Type           Power      Damage    Failure   Level
 Lesser Beckoning         Tloc           46%        N/A       41%         2
 Gell's Gravitas          Tloc           23%        N/A       65%         3
 Teleport Other           Tloc           23%        N/A       65%         3
 Momentum Strike          Conj/Tloc      30%        3d8       67%         2
 Frozen Ramparts          Ice            44%        1d7       69%         3
 Ozocubu's Armour         Ice            22%        N/A       69%         3
 Necrotise                Necr           28%        1d5       78%         1
 Summon Small Mammal      Summ           28%        N/A       78%         1
 Foxfire                  Conj/Fire      24%        2x1d5     82%         1
 Magic Dart               Conj           24%        1d4       82%         1
 Sandblast                Erth           12%        2d6       82%         1
 Shock                    Conj/Air       24%        1d4       82%         1
 Slow                     Hex            24%        N/A       82%         1
 Sting                    Conj/Alch      24%        1d4       82%         1
 Call Imp                 Summ           14%        N/A       89%         2
 Sublimation of Blood     Necr           7%         N/A       89%         2
 Summon Ice Beast         Ice/Summ       14%        N/A       89%         3
 Hailstorm                Conj/Ice       14%        3d6       90%         3
 Cigotuvi's Dreadful Rot  Necr/Alch/Air  14%        N/A       91%         2
 Static Discharge         Conj/Air       12%        3-4/arc   91%         2
 Manifold Assault         Tloc           23%        N/A       96%         4
 Call Canine Familiar     Summ           7%         N/A       98%         3
 Vampiric Draining        Necr           7%         2d6       98%         3
 Inner Flame              Hex/Fire       6%         N/A       99%         3
 Sigil of Binding         Hex            6%         N/A       99%         3
 Stone Arrow              Conj/Erth      12%        3d7       99%         3
 Tukima's Dance           Hex            6%         N/A       99%         3
 Dimensional Bullseye     Hex/Tloc       7%         N/A       99%         4
 Vhi's Electric Charge    Tloc/Air       30%        N/A       99%         4
 Airstrike                Air            3%         2d(1-17)  100%        4
 Animate Armour           Summ/Erth      14%        N/A       100%        4
 Animate Dead             Necr           7%         N/A       100%        4
 Brom's Barrelling Bould  Conj/Erth      6%         2d3       100%        4
 Cause Fear               Hex            3%         N/A       100%        4
 Flame Wave               Conj/Fire      6%         2d5       100%        4
 Ignite Poison            Fire/Alch      6%         N/A       100%        4
 Martyr's Knell           Necr/Summ      7%         N/A       100%        4
 Sticky Flame             Fire/Alch      6%         2d4       100%        4
 Summon Blazeheart Golem  Fire/Summ      7%         N/A       100%        4
 Summon Lightning Spire   Summ/Air       7%         N/A       100%        4
 Curse of Agony           Necr           7%         N/A       100%        5
 Fireball                 Conj/Fire      3%         3d4       100%        5
 Freezing Cloud           Conj/Ice/Air   5%         6-21      100%        5
 Irradiate                Conj/Alch      3%         3d12      100%        5
 Iskenderun's Battlesphe  Conj           6%         2d6       100%        5
 Lee's Rapid Deconstruct  Erth           3%         3d5*      100%        5
 Silence                  Hex/Air        3%         N/A       100%        5
 Summon Forest            Summ/Tloc      7%         N/A       100%        5
 Summon Mana Viper        Hex/Summ       7%         N/A       100%        5
 Yara's Violent Unravell  Hex/Alch       3%         3d4       100%        5
 Bombard                  Conj/Erth      3%         9d1       100%        6
 Conjure Ball Lightning   Conj/Air       3%         3x3d6     100%        6
 Death Channel            Necr           3%         N/A       100%        6
 Eringya's Noxious Bog    Alch           3%         4d6       100%        6
 Plasma Beam              Fire/Air       3%         2x1d13    100%        6
 Starburst                Conj/Fire      3%         6d3       100%        6
 Summon Cactus Giant      Summ           3%         N/A       100%        6
 Haunt                    Necr/Summ      3%         N/A       100%        7
 Malign Gateway           Summ/Tloc      7%         N/A       100%        7
 Monstrous Menagerie      Summ           3%         N/A       100%        7
 Orb of Destruction       Conj           3%         9d5       100%        7
 Spellforged Servitor     Conj/Summ      3%         N/A       100%        7
 Summon Hydra             Summ           3%         N/A       100%        7
 Borgnjor's Revivificati  Necr           3%         N/A       100%        8
 Ignition                 Fire           3%         3d4       100%        8
 Lehudib's Crystal Spear  Conj/Erth      3%         10d2      100%        8
 Summon Horrible Things   Summ           3%         N/A       100%        8
 Death's Door             Necr           3%         N/A       100%        9
 Dragon's Call            Summ           3%         N/A       100%        9


Dungeon Overview and Level Annotations

Branches:
Dungeon (15/15)            Temple (0/1) D:5            Lair (5/5) D:8
 Shoals (4/4) Lair:2       Spider (4/4) Lair:3        Slime (0/5) Lair:4
    Orc (2/2) D:12            Elf (0/3) Orc:2        Vaults (5/5) D:14
  Crypt (0/3) Vaults:2     Depths (4/4) D:15            Zot (5/5) Depths:4
 Bailey (visited)

Altars:
Ashenzari
Dithmenos
Hepliaklqana
Makhleb
Nemelex Xobeh
Okawaru
Ru
Sif Muna
Wu Jian
The Shining One
Jiyva

Shops:
D:8 [   D:12 [   D:14 !   Orc:1 !   Orc:2 ((??   Shoals:1 *   Shoals:2 !
Shoals:4 (   Vaults:1 *   Vaults:5 !   Zot:5 *   Depths:4 (

Portals:
Hell: Depths:1 Depths:2 Depths:3 Depths:4
Abyss: Depths:1 Depths:3
Pandemonium: Depths:2
Ziggurat: Depths:2

Annotations:
D:6 exclusion: downstairs
Lair:5 Rupert


Innate Abilities, Weirdness & Mutations

Armour fits poorly on your strangely shaped body.
You have extremely tough skin. (AC +3)
You have a long armoured tail.
You regenerate magic and health when rolling toward enemies. (Rampage Regen)
You have large cloven feet.
You are clumsy. (Dex -2)
You are robust. (+10% HP)
You occasionally shout uncontrollably at your foes.
You are weak. (Str -2)
Your health recovers twice as slowly from being drained.


Message History

The Brimstone Fiend gestures at you.
The sphere of damnation explodes!
The damnation engulfs you!
The damnation engulfs the Brimstone Fiend.
The Brimstone Fiend completely resists.
You bludgeon the Brimstone Fiend!!
You kick the Brimstone Fiend, but do no damage.
Your tail-slap misses the Brimstone Fiend.
The Brimstone Fiend is heavily wounded.
You thump the Brimstone Fiend! You kick the Brimstone Fiend.
The Brimstone Fiend is severely wounded.
You block the Brimstone Fiend's attack.
The Brimstone Fiend hits you but does no damage.
You block the Brimstone Fiend's attack.
You bludgeon the Brimstone Fiend!!
You kill the Brimstone Fiend!
There is an escape hatch in the ceiling here.
A mysterious force pulls you upwards. The hatch slams shut behind you.
Magic restored.
HP restored.
You open the door.
There is an open door here.
There is a stone staircase leading up here.
You climb upwards.
There is a stone staircase leading down here.
There is a stone staircase leading up here.
You climb upwards.
There is a stone staircase leading down here.
There is a stone staircase leading up here.
You see here a +0 robe.
You climb upwards.
There is a stone staircase leading down here.
A tormentor comes into view.
You can't go up here!
There is a stone staircase leading up here.
You climb upwards.
There is a stone staircase leading down here.
You see here a hobgoblin skeleton.
There is an open door here.
There is a staircase leading out of the dungeon here.
You have escaped!

# #.#######.# #..###..##.# #
#.........# #..#
#..##.###### #######.#####
#..###..##....... ........#
#..#....####..###
..####.##########.......##
#..# .##
#.#.................# #.##
## #.#.###'#######'###.# #.#
# #...#..⌠...>...⌠..#.###.#
# #.#.#......@......#.....##
####
#...')....###....⌠'.##...###
...#
##..#.............#.........
##.#
##.#######'#######.##...###
#.# #.#.............#.###.##
#.# #.#.............#.# #.#
#.# #.#.............#.# #>#
#.# ###.###############.#
#.# #.#
#...................# #.#


There were no monsters in sight!

Vanquished Creatures
  4 dread liches
  Mara (Depths:3)
  9 orbs of fire
  4 ancient liches
  3 curse toes (Zot:4)
  A caustic shrike (Depths:3)
  6 Killer Klowns
  Nikola (Spider:4)
  10 golden dragons
  Arachne (Spider:3)
  2 doom hounds (Depths:4)
  5 electric golems
  The ghost of Feagond the Warrior, an adept HOMo of Beogh (Vaults:2)
  A Tzitzimitl (Zot:3)
  A Brimstone Fiend (D:6)
  Grunn (Depths:4)
  4 titans (Vaults:5)
  A walking crystal tome (Depths:3)
  16 tentacled monstrosities
  An Ice Fiend (Zot:3)
  The ghost of Sianeop the Warrior, an adept GrFi of Cheibriados (Vaults:2)
  A walking earthen tome (Depths:3)
  5 liches
  27 Orb Guardians
  5 sphinxes
  12 quicksilver dragons
  5 death cobs
  An ancient champion (Depths:3)
  An Executioner (D:7)
  11 shadow dragons
  13 storm dragons
  The ghost of Lotaimix the Priest, an adept HOFi of Beogh (Spider:3)
  8 tengu reavers
  Roxanne (Spider:2)
  The ghost of Ittufostru the Markskobold, an adept KoHs of Fedhas (Shoals:2)
  7 draconian knights
  9 draconian monks
  4 protean progenitors (Zot:4)
  5 emperor scorpions
  7 draconian scorchers
  11 fire giants
  6 draconian shifters
  An orc warlord (Vaults:1)
  13 frost giants
  Louise (Spider:4)
  20 vault wardens
  8 ghost moths
  2 spectral caustic shrikes (Depths:1)
  12 draconian stormcallers
  22 ironbound preservers
  3 formless jellyfish
  6 broodmothers
  21 very ugly things
  A juggernaut skeleton (Depths:1)
  14 stone giants
  2 vampire knights
  10 green draconians
  8 draconian annihilators
  11 ironbound thunderhulks
  A deep elf demonologist (Vaults:5)
  8 white draconians
  8 black draconians
  A deep elf annihilator (Vaults:1)
  12 red draconians
  2 dire elephants (Vaults:1)
  6 spark wasps
  2 war gargoyles (Vaults:5)
  26 purple draconians
  19 yellow draconians
  Azrael (D:12)
  2 crystal guardians (Vaults:2)
  20 ettins
  A green death (Depths:2)
  2 merfolk javelineers
  6 fire dragons
  4 deep elf high priests
  4 merfolk impalers
  9 entropy weavers
  2 jiangshi (Vaults:2)
  9 yaktaur captains
  A quicksilver dragon skeleton (Depths:2)
  3 rakshasas
  2 great orbs of eyes
  A hell beast (Depths:3)
  2 ice dragons
  7 hydras
  Harold (Lair:1)
  2 peacekeepers
  3 ogre magi
  7 centaur warriors
  2 radroaches
  4 jorogumos
  41 vault guards
  4 merfolk avatars
  8 dancing weapons
  The ghost of lilalause the Skirmisher, a journeyman SpMo of Hepliaklqana (Orc:2)
  2 alligator snapping turtles
  3 merfolk aquamancers
  13 two-headed ogres
  6 satyrs
  2 anacondas (Zot:4)
  8 boulder beetles
  7 ironbound frosthearts
  7 deep troll shamans
  5 death yaks (Lair:1)
  Urug (Lair:3)
  4 demonic crawlers
  7 tengu warriors
  3 vampire magi
  4 spriggan berserkers
  3 hell hogs
  A storm dragon zombie (Depths:1)
  Sonja (Lair:3)
  3 deep troll earth magi
  5 spriggans
  11 hell knights
  A sun demon (Depths:4)
  2 fire crabs (Lair:5)
  2 shock serpents (shapeshifter) (Vaults:5)
  2 salamander mystics (Depths:3)
  A soul eater (Vaults:2)
  13 iron trolls
  A shadow wraith (Vaults:5)
  2 skysharks
  A skeletal warrior (Vaults:2)
  A spectral spark wasp (Depths:3)
  78 deep trolls
  An orb spider (shapeshifter) (Depths:3)
  A sixfirhy (Depths:4)
  A glowing orange brain (shapeshifter) (Vaults:5)
  4 pharaoh ants (Spider:4)
  8 sea snakes
  A death drake (shapeshifter) (Depths:1)
  A shadow demon (Depths:2)
  7 orb spiders
  A sun moth (Spider:4)
  6 arcanists
  6 glowing orange brains
  A swamp dragon (Lair:2)
  16 lindwurms
  9 phantasmal warriors
  24 ironbound convokers
  5 orc knights
  8 necromancers
  2 steelbarb worms
  5 deep elf pyromancers
  16 wolf spiders
  6 cyclopes
  7 salamanders
  A stone giant zombie (Depths:1)
  2 tengu skeletons (Depths:2)
  17 harpies
  2 orc sorcerers
  37 ugly things
  A glowing shapeshifter (Depths:1)
  10 fauns
  A centaur zombie (D:15)
  A manticore (shapeshifter) (Vaults:5)
  A faun (shapeshifter) (Vaults:5)
  9 merfolk sirens
  22 moths of wrath
  11 manticores
  An elephant (shapeshifter) (Depths:3)
  4 elephants (Lair:3)
  A fire giant skeleton (Depths:1)
  6 kobold blastminers
  Maurice (D:7)
  A guardian serpent (Vaults:1)
  13 meliai
  2 smoke demons (Depths:2)
  8 torpor snails
  6 black mambas
  2 iron dragon skeletons (Depths:2)
  20 vault sentinels
  3 molten gargoyles (Lair:5)
  A storm dragon simulacrum (Depths:2)
  4 water nymphs
  An unseen horror (D:10)
  3 gargoyles
  2 kobold demonologists (D:10)
  2 centaur skeletons (D:15)
  14 cane toads
  A golden dragon simulacrum (Depths:2)
  12 komodo dragons
  24 yaktaurs
  3 tengu conjurers
  2 freezing wraiths
  An efreet (D:13)
  4 rime drakes
  A yaktaur (shapeshifter) (Depths:4)
  18 trolls
  23 merfolk
  A hellwing (D:6)
  A polar bear (Lair:3)
  6 wind drakes
  33 tarantellas
  6 hornets
  4 glass eyes
  Prince Ribbit (Bailey)
  8 blink frogs
  10 snapping turtles
  9 dream sheep
  26 culicivoras
  23 jumping spiders
  Sigmund (D:2)
  26 slime creatures
  A centaur simulacrum (D:15)
  A spriggan skeleton (Depths:1)
  19 water elementals
  6 wraiths
  7 wyverns
  A shadow (D:10)
  A vampire (D:11)
  3 fire elementals
  9 humans (Bailey)
  44 yaks
  4 basilisks
  A golden eye (shapeshifter) (Vaults:1)
  A warg (Orc:2)
  2 steam dragons
  7 vampire mosquitoes
  41 redbacks
  A redback (shapeshifter) (Depths:2)
  Menkaure (D:7)
  4 acid dragons
  7 hell hounds
  A glowing shapeshifter skeleton (Depths:2)
  8 water moccasins
  14 orc warriors
  2 ice beasts
  4 black bears
  5 centaurs
  20 ogres
  12 wolves
  3 phantoms
  4 kobold brigands
  23 bullfrogs
  4 gnoll sergeants
  2 scorpions
  A glowing shapeshifter simulacrum (Depths:2)
  5 wights
  17 killer bees (D:8)
  5 howler monkeys
  3 jellies
  5 lava snakes (Lair:5)
  2 bombardier beetles (D:4)
  A hound (D:5)
  14 orc priests
  Jessica (D:3)
  Terence (D:3)
  5 iguanas
  17 orc wizards
  A hell rat (D:8)
  19 gnolls
  8 adders
  9 river rats (D:8)
  2 white imps
  4 ribbon worms
  3 dart slugs
  68 orcs
  3 bats
  9 endoplasms
  3 giant cockroaches
  12 goblins
  13 hobgoblins
  5 jackals (D:1)
  7 quokkas
  3 training dummies (Depths:4)
  4 ball pythons
  2 frilled lizards
  23 kobolds
  24 rats
  2 aspiring fleshes (Zot:4)
1958 creatures vanquished.

Vanquished Creatures (others)
  A draconian knight (Zot:2)
  A draconian stormcaller (Zot:1)
  A rakshasa (D:15)
  A tengu conjurer (D:12)
4 creatures vanquished.

Grand Total: 1962 creatures vanquished

Notes
Turn   | Place    | Note
-------+----------+-------------------------------------------
     0 | D:1      | seandewar5 the Armataur Ice Elementalist began the quest
                  | for the Orb.
     0 | D:1      | Reached XP level 1. HP: 14/14 MP: 3/3
     2 | D:1      | Found a runed translucent door.
   449 | D:1      | Reached skill level 1 in Fighting
   463 | D:1      | Reached XP level 2. HP: 19/23 MP: 4/4
  1079 | D:1      | Reached skill level 2 in Fighting
  1336 | D:2      | Reached XP level 3. HP: 12/29 MP: 0/5
  1465 | D:2      | Noticed Sigmund
  1485 | D:2      | Found a glowing golden altar of the Shining One.
  1834 | D:3      | Noticed Jessica
  2844 | D:3      | Reached skill level 3 in Fighting
  2844 | D:3      | Reached skill level 1 in Maces & Flails
  2844 | D:3      | Reached XP level 4. HP: 24/38 MP: 6/6
  3815 | D:3      | Killed Jessica
  3816 | D:3      | Reached skill level 1 in Armour
  4200 | D:3      | Reached XP level 5. HP: 45/45 MP: 7/7
  4382 | D:3      | Noticed Terence
  4420 | D:3      | Killed Terence
  5425 | D:4      | Noticed a black bear
  5706 | D:4      | Reached XP level 6. HP: 44/51 MP: 8/8
  6092 | D:4      | Found a broken altar of Ashenzari.
  6106 | D:4      | Became a worshipper of Ashenzari the Shackled
  6485 | D:4      | Reached skill level 4 in Fighting
  6485 | D:4      | Gained mutation: You regenerate magic and health when
                  | rolling toward enemies. (Rampage Regen) [Armataur growth]
  6485 | D:4      | Reached XP level 7. HP: 59/59 MP: 9/9
  6767 | D:4      | Reached skill level 5 in Armour
  6898 | D:4      | Reached skill level 5 in Stealth
  7648 | D:4      | Found a broken altar of Ashenzari.
  8064 | D:5      | Entered Level 5 of the Dungeon
  8479 | D:5      | Reached XP level 8. HP: 66/66 MP: 10/10
  9779 | D:5      | Found a staircase to the Ecumenical Temple.
 10337 | D:5      | Reached skill level 5 in Maces & Flails
 10365 | D:5      | Reached XP level 9. HP: 53/71 MP: 11/11
 10838 | D:5      | Found a staircase to the Ecumenical Temple.
 11012 | D:5      | Reached skill level 10 in Armour
 12266 | D:6      | Found an ornate altar of the Wu Jian Council.
 12468 | D:7      | Noticed a troll
 12829 | D:7      | Noticed Maurice
 13106 | D:2      | Found a glowing golden altar of the Shining One.
 13320 | D:2      | Killed Sigmund
 13864 | D:7      | Killed a troll
 14049 | D:7      | Noticed Menkaure
 14056 | D:7      | Killed Menkaure
 14613 | D:7      | Maurice stole an amulet of the acrobat
 14615 | D:7      | Maurice stole a +2 dagger of venom
 14617 | D:7      | Maurice stole 6 darts of dispersal
 14630 | D:7      | Maurice stole 193 gold
 14632 | D:7      | Killed Maurice
 14996 | D:7      | Reached XP level 10. HP: 76/77 MP: 12/12
 15511 | D:8      | Found Daskodes's Armour Boutique.
 15645 | D:8      | Found a staircase to the Lair.
 15766 | D:8      | Found a flagged portal.
 15788 | Bailey   | Entered a bailey
 16191 | Bailey   | Noticed Prince Ribbit
 16191 | Bailey   | Noticed a vault guard
 16256 | Bailey   | Killed Prince Ribbit
 16257 | Bailey   | Reached skill level 10 in Maces & Flails
 16264 | Bailey   | Killed a vault guard
 16265 | Bailey   | Reached skill level 5 in Fighting
 16380 | Bailey   | Noticed a vault guard
 16399 | Bailey   | Killed a vault guard
 16400 | Bailey   | Reached XP level 11. HP: 61/88 MP: 13/13
 18323 | D:9      | Reached skill level 6 in Fighting
 19267 | D:10     | Entered Level 10 of the Dungeon
 19725 | D:10     | Found a burning altar of Makhleb.
 20443 | D:10     | Identified the +5 ring mail "Biatett" {Int+4 Dex+3}
 20546 | D:10     | Noticed a soul eater
 20549 | D:10     | Reached skill level 1 in Shields
 21256 | D:10     | Found a sparkling altar of Nemelex Xobeh.
 21256 | D:10     | Found a shadowy altar of Dithmenos.
 21660 | D:11     | Reached skill level 7 in Fighting
 21742 | D:11     | Noticed a cyan ugly thing
 21769 | D:11     | Killed a cyan ugly thing
 21880 | D:11     | Noticed a two-headed ogre
 21981 | D:11     | Killed a two-headed ogre
 22940 | Lair:1   | Entered Level 1 of the Lair of Beasts
 23005 | Lair:1   | Noticed Harold
 23020 | Lair:1   | Killed Harold
 23021 | Lair:1   | Reached XP level 12. HP: 97/100 MP: 14/14
 23580 | Lair:1   | Reached skill level 5 in Shields
 23643 | Lair:1   | You fall into a shaft and drop 1 floor!
 23644 | Lair:2   | Noticed a death yak
 23644 | Lair:2   | Noticed a death yak
 23645 | Lair:2   | Noticed a death yak
 23646 | Lair:2   | Noticed a death yak
 23646 | Lair:2   | Noticed a death yak
 24403 | Lair:2   | Noticed a six-headed hydra
 24456 | Lair:1   | Killed a six-headed hydra
 24679 | Lair:1   | Killed a death yak
 24744 | Lair:2   | Noticed a five-headed hydra
 24779 | Lair:1   | Killed a death yak
 24869 | Lair:1   | Killed a death yak
 24980 | Lair:1   | Killed a death yak
 25055 | Lair:1   | Killed a death yak
 25355 | Lair:2   | Killed a five-headed hydra
 25446 | Lair:2   | Reached * piety under Ashenzari
 25446 | Lair:2   | Identified a scroll of acquirement
 25566 | Lair:2   | Acquired the +9 eveningstar "Wewautyva" {speed, Int+6}
 25621 | Lair:2   | Reached XP level 13. HP: 69/107 MP: 15/15
 25624 | Lair:2   | Found a staircase to the Shoals.
 26465 | Lair:3   | Reached skill level 8 in Fighting
 26536 | Lair:3   | Reached ** piety under Ashenzari
 26657 | Lair:3   | Found a hole to the Spider Nest.
 26727 | Lair:3   | Noticed Urug
 26739 | Lair:3   | Noticed Sonja
 26748 | Lair:3   | Killed Urug
 26760 | Lair:3   | Killed Sonja
 27098 | Lair:3   | Learned a level 1 spell: Apportation
 27475 | Lair:4   | Found a staircase to the Slime Pits.
 27475 | Lair:4   | Found a viscous altar of Jiyva.
 27950 | Lair:5   | Entered Level 5 of the Lair of Beasts
 28030 | Lair:5   | Reached skill level 10 in Shields
 28212 | Lair:5   | Noticed Rupert
 28376 | Lair:5   | Reached skill level 15 in Maces & Flails
 28398 | Lair:5   | Reached skill level 9 in Fighting
 28732 | Lair:5   | Reached XP level 14. HP: 91/118 MP: 16/16
 29226 | Lair:5   | Found a large runed translucent door.
 29227 | Lair:5   | Found a large runed translucent door.
 29307 | Lair:5   | Identified Sif Muna's Everyday Thaumaturgy
 30257 | D:12     | Found a staircase to the Orcish Mines.
 30482 | D:12     | Found Xauwk's Armour Emporium.
 30500 | D:12     | Learned a level 2 spell: Blink
 30832 | D:12     | Reached skill level 1 in Translocations
 31071 | D:12     | Noticed Azrael
 32204 | D:12     | Killed Azrael
 32454 | D:12     | Reached skill level 10 in Fighting
 32552 | D:12     | Found a shimmering blue altar of Sif Muna.
 32837 | D:12     | Bought a +1 helmet of see invisible for 231 gold pieces
 32860 | Orc:1    | Entered Level 1 of the Orcish Mines
 32884 | Orc:1    | Found Igaoc's Distillery.
 32892 | Orc:1    | Bought a potion of heal wounds for 65 gold pieces
 32892 | Orc:1    | Bought a potion of curing for 39 gold pieces
 32892 | Orc:1    | Bought a potion of attraction for 39 gold pieces
 32892 | Orc:1    | Bought 2 potions of lignification for 78 gold pieces
 33325 | Orc:2    | Entered Level 2 of the Orcish Mines
 33696 | Orc:2    | Found Zeuczete's Magic Scroll Shoppe.
 33711 | Orc:2    | Found Nuludioj's Magic Scroll Boutique.
 33727 | Orc:2    | Found Poedd's Antique Weapon Shop.
 33727 | Orc:2    | Found Veiqiorgh's Weapon Boutique.
 33747 | Orc:2    | Bought a scroll of enchant armour for 97 gold pieces
 33747 | Orc:2    | Bought a scroll of fog for 52 gold pieces
 33747 | Orc:2    | Bought a scroll of silence for 123 gold pieces
 33748 | Orc:2    | Bought a scroll of teleportation for 39 gold pieces
 34037 | Orc:2    | Found a runed translucent door.
 34037 | Orc:2    | Noticed lilalause's ghost (journeyman SpMo)
 34071 | Orc:2    | Found a staircase to the Elven Halls.
 34131 | Orc:2    | Reached XP level 15. HP: 121/126 MP: 19/19
 34723 | Orc:2    | Killed lilalause's ghost
 35700 | D:13     | Found an iron altar of Okawaru.
 35842 | D:14     | Found a sacrificial altar of Ru.
 35859 | D:14     | Found a flickering gateway to a bazaar.
 35868 | Bazaar   | Entered a bazaar
 35868 | Bazaar   | Found Heran's General Store.
 35868 | Bazaar   | Found Toimy's Weapon Boutique.
 35868 | Bazaar   | Found Ummid's Magic Scroll Shop.
 35868 | Bazaar   | Found Qeor's Assorted Antiques.
 35868 | Bazaar   | Found Cuwoatie's Weapon Boutique.
 35868 | Bazaar   | Found Hamowk's Assorted Antiques.
 35873 | Bazaar   | Bought a pair of embroidered gloves for 150 gold pieces
 35884 | Bazaar   | Bought an encrusted sapphire ring for 100 gold pieces
 35896 | Bazaar   | Bought a potion of haste for 300 gold pieces
 35902 | Bazaar   | Bought a scroll of enchant armour for 90 gold pieces
 35902 | Bazaar   | Bought a scroll of enchant armour for 90 gold pieces
 35908 | Bazaar   | Bought a scroll of butterflies for 36 gold pieces
 35908 | Bazaar   | Bought a potion of enlightenment for 45 gold pieces
 36140 | D:14     | Found Girab's Magic Scroll Shop.
 36901 | D:14     | Found a gate to the Vaults.
 37068 | D:14     | Found Quh Nuet's Distillery.
 37071 | D:14     | Bought a potion of ambrosia for 120 gold pieces
 37090 | D:15     | Entered Level 15 of the Dungeon
 37769 | D:15     | Found a staircase to the Depths.
 38058 | Spider:1 | Entered Level 1 of the Spider Nest
 38062 | Spider:1 | Noticed an emperor scorpion
 38119 | Lair:3   | Killed an emperor scorpion
 38506 | Spider:1 | Reached skill level 15 in Shields
 38942 | Spider:1 | Reached XP level 16. HP: 135/135 MP: 15/20
 39482 | Spider:2 | Noticed Roxanne
 39542 | Spider:2 | Killed Roxanne
 39650 | Spider:2 | Found a runed translucent door.
 40738 | Spider:2 | Identified the amulet of Divine Intervention {Spirit Str+2
                  | Dex+5}
 40744 | Spider:2 | Reached skill level 11 in Fighting
 40783 | Spider:2 | Identified the +9 scale mail of the Bequeathed God {Dex+5}
 40790 | Spider:2 | Reached skill level 15 in Armour
 41526 | Spider:3 | Noticed Arachne
 42189 | Spider:3 | Killed Arachne
 42352 | Spider:3 | Found a runed translucent door.
 42354 | Spider:3 | Noticed Lotaimix's ghost (adept HOFi)
 42354 | Spider:3 | Identified the +0 leather armour "Lojez" {rN+ rCorr Dex-5}
 42374 | Spider:3 | Killed Lotaimix's ghost
 42774 | Spider:4 | Entered Level 4 of the Spider Nest
 43476 | Spider:4 | Reached skill level 12 in Fighting
 43733 | Spider:4 | Identified the +2 chain mail of the Stained God {rCorr}
 43854 | Spider:4 | Reached XP level 17. HP: 132/145 MP: 14/21
 44086 | Spider:4 | Noticed Louise
 44115 | Spider:4 | Killed Louise
 45029 | Spider:4 | Noticed Nikola
 45055 | Spider:4 | Killed Nikola
 45188 | Spider:4 | Got a gossamer rune of Zot
 45200 | Spider:4 | Reached XP level 18. HP: 156/156 MP: 22/22
 45383 | Shoals:1 | Entered Level 1 of the Shoals
 45498 | Shoals:1 | Identified the amulet "Udwih" {Faith rElec Dex+4}
 45561 | Shoals:1 | Reached skill level 13 in Fighting
 45607 | Shoals:1 | Found Apuaphue's Mayhem Merchandise.
 46028 | Shoals:2 | Found Eloawk's Distillery.
 46048 | Shoals:2 | Bought a potion of haste for 170 gold pieces
 46094 | Shoals:2 | Reached skill level 5 in Dodging
 46143 | Shoals:2 | Found a runed translucent gate.
 46143 | Shoals:2 | Found a runed translucent gate.
 46143 | Shoals:2 | Found a runed translucent gate.
 46143 | Shoals:2 | Noticed Ittufostru's ghost (adept KoHs)
 46158 | Shoals:2 | Killed Ittufostru's ghost
 46422 | Shoals:2 | Acquired a +3 demon whip of pain
 46776 | Shoals:3 | Reached *** piety under Ashenzari
 47356 | Shoals:4 | Entered Level 4 of the Shoals
 47356 | Shoals:4 | Found Nanoiss's Antique Weapon Emporium.
 47719 | Shoals:4 | Reached skill level 14 in Fighting
 47808 | Shoals:4 | Reached XP level 19. HP: 159/172 MP: 24/26
 47990 | Shoals:4 | Learned a level 4 spell: Passage of Golubria
 48235 | Shoals:4 | Got a barnacled rune of Zot
 48840 | Vaults:1 | Entered Level 1 of the Vaults
 49820 | Vaults:1 | Found Ditou's General Store.
 50128 | Vaults:1 | Reached skill level 15 in Fighting
 51034 | Vaults:1 | Identified the +3 mace of the Pharaoh's Fist {holy, rCorr}
 51154 | Vaults:1 | Reached skill level 16 in Fighting
 52170 | Vaults:2 | Found a large runed translucent door.
 52170 | Vaults:2 | Found a large runed translucent door.
 52170 | Vaults:2 | Noticed Sianeop's ghost (adept GrFi)
 52170 | Vaults:2 | Noticed Feagond's ghost (adept HOMo)
 52385 | Vaults:2 | Reached XP level 20. HP: 143/189 MP: 12/27
 53158 | Vaults:2 | Identified the +6 scale mail of Vexation {Regen+ rCorr
                  | Dex-4 Stlth+}
 53448 | Vaults:2 | Found a staircase to the Crypt.
 53577 | Vaults:2 | Killed Feagond's ghost
 53588 | Vaults:2 | Killed Sianeop's ghost
 54221 | Vaults:3 | Reached skill level 17 in Fighting
 54445 | Vaults:3 | You fall into a shaft and drop 1 floor!
 56224 | Vaults:4 | Reached **** piety under Ashenzari
 56572 | Vaults:4 | Reached skill level 1 in Throwing
 56881 | Vaults:4 | Identified the Cyclopedia of Enthralling Dark Words
 56881 | Vaults:4 | Identified the +0 pair of gloves of the Elephant {rElec
                  | Will- Str+8}
 56882 | Vaults:4 | Noticed an ancient lich
 57188 | Vaults:4 | Reached XP level 21. HP: 164/201 MP: 16/28
 58264 | Vaults:4 | Killed an ancient lich
 58273 | Vaults:4 | Found the +4 skin of Zhor {*Englaciate rC+++ SInv}
 58596 | Depths:1 | Entered Level 1 of the Depths
 58600 | Depths:1 | Identified the +2 pair of boots "Lutiduo" {rPois Dex-5
                  | SInv}
 59600 | Depths:1 | Found a gateway to Hell.
 59861 | Depths:1 | Found a one-way gate to the infinite horrors of the Abyss.
 59927 | Depths:1 | Reached skill level 18 in Fighting
 60031 | Depths:1 | Reached skill level 5 in Throwing
 60799 | Depths:2 | Identified the +0 pair of boots "Upsusum" {Int+2 Dex+3
                  | Stlth+}
 60820 | Depths:2 | Found a one-way gateway to a ziggurat.
 61491 | D:12     | Bought a +3 plate armour of fire resistance for 630 gold
                  | pieces
 62320 | Depths:2 | Found a one-way gate leading to the halls of Pandemonium.
 62664 | Depths:3 | Noticed Mara
 62896 | Depths:3 | Killed Mara
 62897 | Depths:3 | Reached XP level 22. HP: 194/211 MP: 29/29
 62951 | Depths:3 | Identified the +4 halberd "Kizoopue" {freeze, rPois}
 63083 | Depths:3 | Noticed a caustic shrike
 63717 | Depths:3 | Noticed a golden dragon
 63782 | Depths:3 | Killed a golden dragon
 64030 | Depths:3 | Killed a caustic shrike
 64293 | Depths:3 | Found a hazy altar of Hepliaklqana.
 64326 | Depths:3 | Identified the amulet of Xiddeuri {Acrobat -Cast Rampage
                  | rC++ SInv}
 64690 | Depths:4 | Entered Level 4 of the Depths
 65275 | Depths:4 | Noticed Grunn
 65311 | Depths:4 | Killed Grunn
 65487 | Depths:3 | Reached skill level 19 in Fighting
 66060 | Depths:4 | Found Hepont's Firing Range.
 66066 | Depths:4 | Bought a throwing net for 30 gold pieces
 66748 | Depths:4 | Reached skill level 1 in Evocations
 67061 | Depths:4 | Found a gate to the Realm of Zot.
 67469 | Vaults:5 | Entered Level 5 of the Vaults
 67507 | Vaults:5 | Paralysed by a sphinx for 3 turns
 67653 | Vaults:5 | Identified the +10 dagger of Yesterday {protect, ^Fragile
                  | rPois Dex+6}
 67659 | Vaults:5 | Noticed a golden dragon
 67672 | Vaults:5 | Killed a golden dragon
 67945 | Vaults:5 | Reached XP level 23. HP: 209/223 MP: 30/30
 68033 | Vaults:5 | Identified the +5 great sword of Checkmate {drain, rF-
                  | rCorr Dex+4 Stlth+}
 68033 | Vaults:5 | Identified the ring "Bomoydu" {rElec Will+ MP+9 EV+5}
 68035 | Vaults:5 | Identified Teicupt's Spellbook of Metamorphic Wildfire
 68045 | Vaults:5 | Identified the +1 scale mail of Intercession {Str+4}
 68047 | Vaults:5 | Identified the Volume of Blasts
 68067 | Vaults:5 | Got a silver rune of Zot
 68085 | Vaults:5 | Identified the +1 short sword "Geatsod" {flame, Will+}
 68087 | Vaults:5 | Identified the staff of Nyunok {rElec rC+ Dex-3 Summ Air}
 68119 | Vaults:5 | Acquired the ring "Cuiwkesi" {rElec rN+ Int-2 Dex+7 SInv}
 68335 | Vaults:5 | Noticed a dread lich
 68354 | Vaults:5 | Reached skill level 20 in Fighting
 68375 | Vaults:5 | Killed a dread lich
 68636 | Vaults:5 | Reached skill level 5 in Evocations
 68775 | Vaults:5 | Reached skill level 10 in Throwing
 68868 | Vaults:5 | Noticed an ancient lich
 68887 | Vaults:5 | Killed an ancient lich
 69549 | Vaults:5 | Identified the +8 dagger of Xevaafua {flame, SInv}
 69550 | Vaults:5 | Identified the ring of the Gastropod {rF+ Int+6}
 69550 | Vaults:5 | Identified Sif Muna's Vellum of Ouranomancy and Soot
 69726 | Vaults:5 | Identified the dragon-blood talisman "Aryvef" {rF+ Slay+2}
 70016 | Vaults:5 | Identified the +1 hand axe of Focyf {venom, rN+ Dex+2
                  | Stlth-}
 70017 | Vaults:5 | Found Yvoukose's Distillery.
 70032 | Vaults:5 | Bought a potion of heal wounds for 65 gold pieces
 70032 | Vaults:5 | Bought a potion of enlightenment for 65 gold pieces
 70032 | Vaults:5 | Bought a potion of heal wounds for 65 gold pieces
 70032 | Vaults:5 | Bought a potion of mutation for 104 gold pieces
 70052 | Vaults:5 | Identified the Parchment of Quicksand
 70436 | Zot:1    | Entered Level 1 of the Realm of Zot
 71195 | Depths:4 | Reached skill level 21 in Fighting
 73617 | Zot:1    | Reached XP level 24. HP: 209/237 MP: 26/30
 74761 | Zot:2    | Noticed a Killer Klown
 74992 | Zot:1    | Killed a Killer Klown
 75112 | Zot:2    | Noticed a Killer Klown
 75280 | Zot:1    | Killed a Killer Klown
 76404 | Zot:2    | Reached skill level 22 in Fighting
 77194 | Zot:2    | Reached ***** piety under Ashenzari
 78240 | Zot:3    | Reached skill level 10 in Evocations
 79748 | Zot:4    | Reached skill level 23 in Fighting
 79787 | Zot:4    | Noticed an orb of fire
 79814 | Zot:4    | Gained mutation: You are clumsy. (Dex -2) [an orb of fire]
 79816 | Zot:4    | Killed an orb of fire
 80343 | Zot:4    | Reached XP level 25. HP: 245/257 MP: 29/33
 81009 | Zot:4    | Reached skill level 24 in Fighting
 82760 | Zot:5    | Entered Level 5 of the Realm of Zot
 83253 | Zot:5    | Found Reshedd's Last-Chance Deals.
 83947 | Zot:5    | Noticed an orb of fire
 83960 | Zot:5    | Killed an orb of fire
 84010 | Zot:5    | Noticed an ancient lich
 84027 | Zot:5    | Killed an ancient lich
 84127 | Zot:5    | Noticed an orb of fire
 84130 | Zot:5    | Noticed a dread lich
 84131 | Zot:5    | Noticed an orb of fire
 84135 | Zot:5    | Gained mutation: You are frail. (-10% HP) [an orb of fire]
 84136 | Zot:5    | Noticed a Killer Klown
 84138 | Zot:5    | Paralysed by a dread lich for 3 turns
 84140 | Zot:5    | Gained mutation: You are dopey. (Int -2) [an orb of fire]
 84140 | Zot:5    | Gained mutation: You are weak. (Str -2) [an orb of fire]
 84141 | Zot:5    | Gained mutation: You are vulnerable to cold. (rC-) [an orb
                  | of fire]
 84141 | Zot:5    | Gained mutation: You are vulnerable to heat. (rF-) [an orb
                  | of fire]
 84142 | Zot:5    | Killed an orb of fire
 84143 | Zot:5    | Reached skill level 25 in Fighting
 84143 | Zot:5    | Noticed an orb of fire
 84151 | Zot:5    | Killed a dread lich
 84426 | Zot:4    | Lost mutation: You are frail. (-10% HP) [potion of
                  | mutation]
 84426 | Zot:4    | Lost mutation: You are vulnerable to cold. (rC-) [potion of
                  | mutation]
 84426 | Zot:4    | Gained mutation: You possess an exceptional clarity of
                  | mind. [potion of mutation]
 84427 | Zot:4    | Lost mutation: You are clumsy. (Dex -2) [potion of
                  | mutation]
 84427 | Zot:4    | Lost mutation: You are dopey. (Int -2) [potion of mutation]
 84427 | Zot:4    | Lost mutation: You are vulnerable to heat. (rF-) [potion of
                  | mutation]
 84427 | Zot:4    | Gained mutation: You are dopey. (Int -2) [potion of
                  | mutation]
 84427 | Zot:4    | Gained mutation: You expend magic power (3 MP) to
                  | strengthen your wands. [potion of mutation]
 84525 | Zot:4    | Gained mutation: You are occasionally teleported next to
                  | monsters. [an orb of fire]
 84535 | Zot:4    | Killed an orb of fire
 84619 | Zot:4    | Lost mutation: You expend magic power (3 MP) to strengthen
                  | your wands. [potion of mutation]
 84619 | Zot:4    | Lost mutation: You possess an exceptional clarity of mind.
                  | [potion of mutation]
 84619 | Zot:4    | Lost mutation: You are occasionally teleported next to
                  | monsters. [potion of mutation]
 84619 | Zot:4    | Gained mutation: You have large cloven feet. [potion of
                  | mutation]
 84619 | Zot:4    | Gained mutation: Your magical capacity is low. (-10% MP)
                  | [potion of mutation]
 84640 | Zot:4    | Killed a Killer Klown
 84698 | Zot:5    | Gained mutation: You are robust. (+10% HP) [an orb of fire]
 84699 | Zot:5    | Killed an orb of fire
 84936 | Zot:5    | Noticed a Killer Klown
 84951 | Zot:5    | Killed a Killer Klown
 85087 | Zot:5    | Noticed an orb of fire
 85088 | Zot:5    | Gained mutation: Your health recovers twice as slowly from
                  | being drained. [an orb of fire]
 85120 | Zot:5    | Gained mutation: Your spells are a little easier to cast,
                  | but a little less powerful. [an orb of fire]
 85122 | Zot:5    | Killed an orb of fire
 85125 | Zot:5    | Lost mutation: Your magical capacity is low. (-10% MP)
                  | [potion of mutation]
 85125 | Zot:5    | Lost mutation: You are dopey. (Int -2) [potion of mutation]
 85125 | Zot:5    | Lost mutation: Your spells are a little easier to cast, but
                  | a little less powerful. [potion of mutation]
 85125 | Zot:5    | Gained mutation: You are clumsy. (Dex -2) [potion of
                  | mutation]
 85532 | Zot:5    | Noticed an orb of fire
 85549 | Zot:5    | Noticed an ancient lich
 85552 | Zot:5    | Noticed an orb of fire
 85556 | Zot:5    | Noticed a Killer Klown
 85568 | Zot:4    | Killed an orb of fire
 85764 | Zot:4    | Killed an orb of fire
 85856 | Zot:4    | Killed a Killer Klown
 85891 | Zot:5    | Noticed a dread lich
 85901 | Zot:4    | Killed an ancient lich
 86053 | Zot:4    | Reached skill level 26 in Fighting
 86092 | Zot:4    | Killed a dread lich
 86242 | Zot:5    | Noticed a dread lich
 86254 | Zot:5    | Noticed a Killer Klown
 86262 | Zot:5    | Paralysed by a dread lich for 2 turns
 86352 | Zot:4    | Killed a dread lich
 86402 | Zot:5    | Killed a Killer Klown
 86532 | Zot:5    | Found Reshedd's Last-Chance Deals.
 86846 | Zot:5    | Noticed an orb of fire
 86858 | Zot:4    | Gained mutation: You occasionally shout uncontrollably at
                  | your foes. [an orb of fire]
 86870 | Zot:4    | Killed an orb of fire
 86871 | Zot:4    | Reached XP level 26. HP: 274/292 MP: 23/32
 87124 | Zot:5    | Found Reshedd's Last-Chance Deals.
 88260 | Zot:5    | Got the Orb of Zot
 88549 | D:14     | Noticed Tyhuopn the pandemonium lord
 88959 | D:$      | Escaped with the Orb!

Illustrated notes

Levels and vault maps discovered:
D:1:      dpeg_arrival_caged_fury, layout_loops_ring
D:2:      layout_loops_ring, basic_altar, minmay_misc_feat_chi, uniq_sigmund
D:3:      layout_loops_cross, uniq_jessica, uniq_terence
D:4:      minmay_chambers_of_threes, layout_basic, ashenzari_altar_1,
          serial_curves, eino_curves_02, eino_curves_02
D:5:      layout_basic, minmay_temple_entry_fiery
D:6:      layout_loops_ring, nzn_wu_jian_contemplation
D:7:      layout_loops_ring, minmay_misc_feat_rugged, uniq_menkaure,
          uniq_maurice
D:8:      lemuel_ratsnest, layout_loops_cross, erik_lair_orcish_takeover,
          serial_shops, shop, enter_bailey_3, hangedman_decor_clover_reticule,
          amcnicky_mini_pool_small, roderic_lattice_a,
          chequers_serial_rivers_micro_b
D:9:      layout_roguey
D:10:     layout_stronghold, nicolae_overflow_crystal_walls,
          mainiacjoe_overflow_divided_tiny
D:11:     layout_gridville
D:12:     minmay_four_partial_circles, layout_grid_maze, orc_david_3,
          nicolae_sif_muna_condensation, uniq_azrael
D:13:     layout_cave_pools, grunt_ministairs_11, okawaru_altar_gauntlet_db
D:14:     layout_loops_ring, david_vaults_1, serial_shops, bzr_entry_lakeside,
          shop, kennysheep_mini, hangedman_decor_push,
          minmay_misc_feat_ornament, nicolae_ru_sacrificial_ziggurat
D:15:     grunt_enter_depths_magical_seal, layout_rooms,
          wad_floor_pattern_untrapped, minmay_misc_feat_roman
Lair:1:   layout_gridlike, lemuel_fruit_fields, grunt_megastairs_2,
          infiniplex_staircase_pool, uniq_harold
Lair:2:   layout_loops_ring, nicolae_shoals_entry_roost, hibernation_bobbens,
          grunt_megastairs_5, lemuel_fruit_fields
Lair:3:   layout_chaotic_city, dummy_spider_entry, uniq_urug, uniq_sonja,
          uniq_prince_ribbit2
Lair:4:   layout_gridlike, slime_entry_1, serial_bayou_crossing,
          grunt_megastairs_4
Lair:5:   cheibrodos_lair_end_hotspot, layout_regular_city, uniq_rupert
Shoals:1: layout_shoals, minmay_shop_mayhem
Shoals:2: layout_shoals, serial_shops, nicolae_diamond_shop,
          ebering_ghost_rock_garden
Shoals:3: layout_shoals
Shoals:4: shoals_end_grunt_ice, layout_shoals, serial_shops, shop
Spider:1: layout_spider_delve, drop_trap
Spider:2: cheibrodos_spider_deadly_dance, uniq_roxanne
Spider:3: layout_spider_delve, ebering_ghost_reflecting_pool,
          hangedman_spider_tarantella_strand, uniq_arachne
Spider:4: hellmonk_spider_rune_endless_swarm,
          nicolae_spider_some_kinda_spiderbox, uniq_louise, uniq_nikola
Orc:1:    layout_diamond_mine, serial_shops, shop, basic_altar
Orc:2:    st_orc_open, layout_caves, hellmonk_ghost_happy_afterlife
Vaults:1: nicolae_vaults_little_ls, nicolae_vaults_ellipses_ellipsis,
          st_greater_box_3, dpeg_vaults_monster_row,
          nicolae_vaults_storage_closets_2, vaults_dpeg_cross,
          nicolae_vaults_mitosis, v_misc_13, layout_vaults_omnicross,
          serial_shops, shop_statue
Vaults:2: advil_vaults_ghost_guards, nicolae_vaults_trapezoid_lopsided_1,
          nicolae_vaults_house_3, nicolae_vaults_closet_pinwheel_2,
          minmay_crypt_entry_simple_statues, nicolae_vaults_tetromino_L_2,
          nicolae_vaults_weapon_check, nicolae_vaults_double_plus_2,
          nicolae_vaults_stepped_doors, vaults_room_semicircle,
          serial_library_hellmonk_reading_circle, vaults_room_semicircle,
          v_rooms_5, layout_vaults_maze_snakey
Vaults:3: v_misc_4, nicolae_vaults_wrenched,
          nicolae_vaults_trapezoid_lopsided_1, nicolae_vaults_trapezoid_layered,
          vaults_room_grunt_arrival_ludios, v_rooms_5,
          nicolae_vaults_windows_and_doors_thing, st_lattice,
          nicolae_vaults_puzzle_piece, vaults_dpeg_hooks,
          ontoclasm_vaults_ligature, grunt_vaults_hallway_short, v_misc_14,
          nicolae_vaults_house_2, nicolae_vaults_house_2, layout_vaults_ring
Vaults:4: ontoclasm_vaults_claustrophobia, ontoclasm_vaults_tryst, v_pattern_3,
          nicolae_vaults_you_can_take_it_with_you, ontoclasm_vaults_eye,
          vaults_room_octagon, ontoclasm_vaults_chip, v_rooms_3,
          nicolae_vaults_trapezoid_lopsided_3, layout_vaults_omnigrid
Vaults:5
Depths:1: layout_basic, abyss_entry, nicolae_kite_square_tiling_tiny,
          pf_hell_entry_tar_river, hex_intersection, kennysheep_generic_room_15
Depths:2: nicolae_moon_pools, layout_gridville, enter_ziggurat_b,
          grunt_pan_entry_zigzag, hell_entry, minmay_misc_feat_plants,
          chequers_serial_rivers_micro_c
Depths:3: minmay_cut_squares, layout_basic, grunt_mini_vestibule,
          nzn_hepliaklqana_mist_gate, abyss_entry_small_statue_room, uniq_mara
Depths:4: grunt_twist_and_shout, layout_cave_pools, serial_column_ruins,
          column_ruins_square_medium, column_ruins_open_small,
          column_ruins_open_large, column_ruins_open_medium,
          column_ruins_columns_straight, hangedman_geh_valley,
          nicolae_shop_firing_range, kennysheep_random_hallway, uniq_grunn
Zot:1:    lemuel_draconian_sentries, layout_concentric_octagons,
          regret_index_zotdec_icy_dp
Zot:2:    cheibrodos_zot_enchanting_chambers, layout_gridlike
Zot:3:    nicolae_moth_party, layout_gridlike, lemuel_elevator
Zot:4:    layout_basic, skrybe_zot_glass_3
Zot:5:    layout_twisted_circle, hellmonk_bargain_basement

Skill      XL: |  1  2  3  4  5  6  7  8  9 10 11 12 13 14 15 16 17 18 19 20 21 22 23 24 25 |
---------------+----------------------------------------------------------------------------+-----
Fighting       | 1 2 3 4 5 7 9 10 12 14 16 17 18 19 21 23 26 | 26.9
Maces & Flails | 1 2 3 5 8 10 12 14 15 16 17 | 17.3
Stealth        | 3 4 5 |  5.0
Armour         | 2 3 4 6 9 11 12 13 14 16 18 19 22 24 25 | 25.6
Dodging        | 2 4 6 8 9 |  9.6
Shields        | 4 9 10 12 15 16 17 | 17.4
Spellcasting   | 3 |  3.0
Translocations | 3 |  3.9
Throwing       | 2 6 9 10 | 10.1
Evocations     | 3 7 10 | 10.0
Ice Magic      | |  3.6

Action                     |  1- 3 |  4- 6 |  7- 9 | 10-12 | 13-15 | 16-18 | 19-21 | 22-24 | 25-27 || total
---------------------------+-------+-------+-------+-------+-------+-------+-------+-------+-------++-------
  Melee: Spear             |    52 |       |       |       |       |       |       |       |       ||    52
         Unarmed           |     6 |       |    24 |       |       |       |       |       |       ||    30
         Tailslap          |    14 |    20 |    43 |   170 |   218 |   212 |   466 |   583 |   189 ||  1915
         Whip              |    64 |       |       |       |       |       |       |       |       ||    64
         Dagger            |    18 |   147 |   173 |       |       |       |       |       |       ||   338
         Punch             |       |     1 |     4 |     6 |       |       |       |       |       ||    11
         Morningstar       |       |       |   112 |   947 |       |       |       |       |       ||  1059
         Eveningstar       |       |       |       |    13 |  1317 |  1241 |  2039 |  2365 |   811 ||  7786
         Kick              |       |       |       |       |       |       |       |       |   201 ||   201
  Throw: Boomerang         |     2 |     1 |    42 |    28 |    27 |     1 |       |       |       ||   101
         Dart              |       |       |       |     4 |     1 |     2 |       |       |       ||     7
         Throwing net      |       |       |       |       |     1 |     1 |       |       |       ||     2
         Javelin           |       |       |       |       |       |       |       |     4 |     7 ||    11
   Cast: Freeze            |    24 |       |       |       |       |       |       |       |       ||    24
 Invoke: Curse Item        |       |       |       |     2 |     3 |     2 |     1 |     2 |       ||    10
         Shatter the Chain |       |       |       |       |     2 |       |       |       |     1 ||     3
  Evoke: Wand              |       |       |       |     5 |     3 |     4 |       |    10 |     2 ||    24
         Phial of floods   |       |       |       |       |       |       |     1 |       |       ||     1
    Use: Scroll            |     4 |     6 |     6 |    10 |     4 |     3 |    11 |    12 |     9 ||    65
         Potion            |       |     2 |     3 |     1 |     3 |    11 |     9 |    15 |    16 ||    60
   Stab: Sleeping          |     4 |     2 |     4 |       |     3 |     7 |    16 |       |       ||    36
         Invisible         |       |       |       |     3 |       |       |       |       |       ||     3
         Distracted        |       |       |       |       |       |     3 |     1 |       |       ||     4
         Fleeing           |       |       |       |       |       |       |       |     2 |       ||     2
 Armour: Robe              |    98 |    27 |       |       |       |       |       |       |       ||   125
         Leather armour    |       |    74 |   197 |       |       |       |       |       |       ||   271
         Skin              |       |       |    68 |       |       |       |       |       |       ||    68
         Chain mail        |       |       |    62 |   741 |   369 |   386 |       |       |       ||  1558
         Swamp dragon scal |       |       |       |       |   286 |       |       |       |       ||   286
         Scale mail        |       |       |       |       |       |   237 |   928 |       |       ||  1165
         Plate armour      |       |       |       |       |       |       |    83 |  1069 |    53 ||  1205
         Gold dragon scale |       |       |       |       |       |       |       |       |   315 ||   315
  Dodge: Dodged            |    46 |    48 |    91 |   147 |   165 |   301 |   545 |   448 |    71 ||  1862
  Block: Other             |       |       |    40 |   112 |       |       |       |       |       ||   152
         Kite shield       |       |       |       |   294 |   937 |  1017 |  1627 |  1712 |   105 ||  5692
         Reflection        |       |       |       |     9 |    48 |    52 |    52 |    35 |     8 ||   204
         Tower shield      |       |       |       |       |       |       |       |       |   514 ||   514
